 Dungeon Crawl Stone Soup version 0.25.1-4-g9407a263a5 (webtiles) character file.

Game seed: 7642337719857817316

1975 H0rd4k the Thaumaturge (level 9, -1/45 HPs)
             Began as a Deep Elf Wizard on Nov 25, 2020.
             Was an Initiate of Gozag.
             Slain by Harold
             ... wielding a +2 short sword of electrocution
              (12 damage)
             ... on level 7 of the Dungeon.
             The game lasted 00:17:53 (10756 turns).

H0rd4k the Thaumaturge (Deep Elf Wizard)           Turns: 10756, Time: 00:17:55

Health: -1/45      AC:  2    Str:  4    XL:     9   Next: 0%
Magic:  21/34      EV: 14    Int: 27    God:    Gozag
Gold:   619        SH:  0    Dex: 13    Spells: 19/28 levels left

rFire    . . .     SeeInvis .   z - staff of energy
rCold    . . .     Gourm    .   (no shield)
rNeg     . . .     Faith    .   a - +0 robe
rPois    .         Spirit   .   b - +0 hat
rElec    .         Reflect  .   (no cloak)
rCorr    .         Harm     .   (no gloves)
MR       .....                  (no boots)
Stlth    +++.......             h - amulet of the acrobat
HPRegen  0.15/turn              y - ring of magical power
MPRegen  0.24/turn              (no ring)

@: marked
A: no striking features
a: Potion Petition, Call Merchant, Bribe Branch, Renounce Religion


You were on level 7 of the Dungeon.
You worshipped Gozag.
Gozag was pleased with you.
You were very hungry.

You visited 2 branches of the dungeon, and saw 8 of its levels.

You collected 704 gold pieces.
You paid 85 gold pieces to Gozag.

Inventory:

Hand Weapons
 f - a +2 dagger of flaming
 g - a +2 dagger of protection
Armour
 a - a +0 robe (worn)
 b - a +0 hat (worn)
Magical Staves
 z - an uncursed staff of energy (weapon)
Jewellery
 h - an amulet of the acrobat (around neck)
 y - a ring of magical power (left hand)
 D - an uncursed amulet of faith
Wands
 s - a wand of iceblast (10)
Scrolls
 c - 3 scrolls of immolation {unknown}
 e - 3 scrolls of enchant armour {unknown}
 i - 5 scrolls of teleportation
 l - 3 scrolls of blinking {unknown}
 n - 2 scrolls of identify {unknown}
 o - 5 scrolls of remove curse
 u - a scroll of random uselessness {unknown}
 v - 2 scrolls of amnesia {unknown}
 w - 3 scrolls of magic mapping
 E - a scroll of noise {unknown}
Potions
 j - a potion of mutation {unknown}
 k - a potion of invisibility {unknown}
 m - a potion of magic {unknown}
 p - a potion of cancellation {unknown}
 q - a potion of ambrosia {unknown}
 r - a potion of resistance {unknown}
 t - a potion of stabbing
 x - a potion of berserk rage {unknown}
 A - a potion of flight {unknown}
 B - 2 potions of lignification {unknown}
 C - a potion of brilliance {unknown}
Comestibles
 d - 7 rations


   Skills:
 + Level 4.7 Dodging
 + Level 4.7 Stealth
 + Level 10.3 Spellcasting
 + Level 7.7 Conjurations
   Level 1.1 Summonings
 + Level 1.2 Translocations
 + Level 1.9 Fire Magic
 + Level 2.2 Air Magic
 + Level 1.7 Poison Magic


You had 19 spell levels left.
You knew the following spells:

 Your Spells              Type           Power        Failure   Level  Hunger
a - Magic Dart            Conj           ####         1%          1    None
b - Blink                 Tloc           N/A          3%          2    None
c - Conjure Flame         Conj/Fire      #####...     1%          3    None
d - Mephitic Cloud        Conj/Pois/Air  ####....     2%          3    None

Your spell library contained the following spells:

 Spells                   Type           Power        Failure   Level  Hunger
 Call Imp                 Summ           ###.....     4%          2    None
 Slow                     Hex            ##......     6%          2    None


Dungeon Overview and Level Annotations

Branches:
Dungeon (7/15)             Temple (1/1) D:4

Altars:
Ashenzari
Cheibriados
Dithmenos
Elyvilon
Fedhas
Gozag
Hepliaklqana
Kikubaaqudgha
Makhleb
Nemelex Xobeh
Okawaru
Qazlal
Ru
Sif Muna
Uskayaw
Vehumet
Xom
Yredelemnul
Zin
The Shining One

Annotations:
D:3 exclusion: 2 downstairs
D:5 exclusion: downstairs
D:6 exclusion: downstairs
D:7 Harold


Message History

Aiming: Magic Dart (safe; 1% risk of failure)
Press: ? - help, Shift-Dir - straight line, f/p - Harold
Aim: Harold, wielding a +2 short sword of electrocution and wearing a +0 ring mail (flame, moderately wounded)
The magic dart hits Harold.
Harold is moderately wounded.
Harold is engulfed in blazing flames.
Harold hits you with a +2 short sword of electrocution.
Casting: Magic Dart (safe; 1% risk of failure)
Confirm with . or Enter, or press ? or * to list all spells.
Aiming: Magic Dart (safe; 1% risk of failure)
Press: ? - help, Shift-Dir - straight line, f/p - Harold
Aim: Harold, wielding a +2 short sword of electrocution and wearing a +0 ring mail (flame, heavily wounded)
The magic dart hits Harold.
Harold is heavily wounded.
Harold is engulfed in blazing flames.
Harold hits you with a +2 short sword of electrocution!!
* * * LOW HITPOINT WARNING * * *
You are electrocuted!
You die...
Your body crumbles into a pile of gold.

......# . #....
......#...@ ## .....
..<........... ..
.....
.###.≈.≈...#'####. .
..... .#
.≈⌠.......... .#
#.... .#
.≈≈........###. +....
.#.............#..
#....
)#.##...$......#.#
#.... .#.#
###+#.....#@# #..^.
.#.#####+#.....#@#
#.#.#
.#.##......#....W# #
#. .#(##......#.....#
# .#.##......#.....#
##.........#........
.......#.#.#....###..
########.#....... #
.......#.........#


You could see Harold and a phantom.

Vanquished Creatures
  Sigmund (D:4)
  Eustachio (D:4)
  Edmund (D:5)
  3 ogres
  A centaur (D:6)
  A bullfrog (D:5)
  A howler monkey (D:4)
  A crimson imp (D:7)
  A bullfrog zombie (D:7)
  3 gnoll shamans
  A centaur skeleton (D:5)
  2 jellies (D:3)
  4 orc priests
  6 hounds
  3 iguanas (D:6)
  An orc wizard (D:6)
  3 worker ants
  A killer bee zombie (D:6)
  14 gnolls
  7 adders
  9 oozes
  An adder zombie (D:6)
  3 worms
  6 leopard geckos
  16 orcs
  7 bats
  5 giant cockroaches
  17 goblins
  12 hobgoblins
  7 jackals
  17 kobolds
  4 ball pythons
  2 frilled lizards
  A leopard gecko zombie (D:6)
  5 rats
168 creatures vanquished.

Vanquished Creatures (others)
  3 fungi (D:3)
  9 toadstools (D:3)
12 creatures vanquished.

Grand Total: 180 creatures vanquished

Notes
Turn   | Place    | Note
-------+----------+-------------------------------------------
     0 | D:1      | H0rd4k the Deep Elf Wizard began the quest for the Orb.
     0 | D:1      | Reached XP level 1. HP: 10/10 MP: 7/7
   368 | D:1      | Reached XP level 2. HP: 15/15 MP: 5/9
   736 | D:1      | Reached skill level 5 in Spellcasting
  1421 | D:2      | Reached XP level 3. HP: 19/19 MP: 6/11
  1425 | D:2      | Learned a level 2 spell: Blink
  1429 | D:2      | Learned a level 3 spell: Conjure Flame
  1433 | D:2      | Learned a level 3 spell: Mephitic Cloud
  1563 | D:2      | Found a shattered altar of Ashenzari.
  2105 | D:2      | Found a burning altar of Makhleb.
  2112 | D:2      | Reached skill level 1 in Poison Magic
  2112 | D:2      | Reached XP level 4. HP: 14/24 MP: 4/13
  2524 | D:2      | Reached skill level 1 in Fire Magic
  3323 | D:3      | Reached skill level 6 in Spellcasting
  3323 | D:3      | Reached skill level 1 in Air Magic
  3323 | D:3      | Reached XP level 5. HP: 28/28 MP: 8/15
  4341 | D:3      | Reached XP level 6. HP: 18/32 MP: 10/17
  4595 | D:3      | Reached skill level 7 in Spellcasting
  5071 | D:4      | Noticed Eustachio
  5333 | D:4      | Killed Eustachio
  5571 | D:3      | Reached XP level 7. HP: 20/36 MP: 4/20
  5902 | D:4      | Reached skill level 8 in Spellcasting
  6034 | D:4      | Found a staircase to the Ecumenical Temple.
  6418 | D:4      | Noticed Sigmund
  6436 | D:4      | Killed Sigmund
  6436 | D:4      | Reached skill level 5 in Conjurations
  6980 | Temple   | Entered the Ecumenical Temple
  7082 | Temple   | Became a worshipper of Gozag Ym Sagoz the Greedy
  7141 | D:5      | Entered Level 5 of the Dungeon
  7321 | D:5      | Noticed Edmund
  7342 | D:5      | Killed Edmund
  7342 | D:5      | Reached skill level 9 in Spellcasting
  7342 | D:5      | Reached XP level 8. HP: 41/41 MP: 10/23
  7473 | D:5      | Found a shimmering blue altar of Sif Muna.
  8436 | D:6      | Found a sacrificial altar of Ru.
  8841 | D:6      | Found a hazy altar of Hepliaklqana.
  9162 | D:6      | HP: 2/41 [killer bee zombie (4)]
  9787 | D:6      | Reached skill level 10 in Spellcasting
 10367 | D:7      | Noticed Harold
 10611 | D:7      | Reached XP level 9. HP: 31/45 MP: 23/25
 10756 | D:7      | Slain by Harold

Illustrated notes

Levels and vault maps discovered:
D:1:      minmay_arrival_arboretum_small, layout_loops_corners
D:2:      wad_crossroads, layout_loops_corners, ashenzari_conservatory_becter,
          makhleb_heckhound_becter, st_stairs_1
D:3:      cheibrodos_fertilizer, layout_basic
D:4:      kennysheep_goblin_castle, layout_cave_pods,
          minmay_temple_entry_gardened_gates, uniq_eustachio, uniq_sigmund
D:5:      layout_loops_ring, overflow_temple_1_default, first_ration,
          uniq_edmund
D:6:      layout_layer_cave, kennysheep_mini_moat,
          nicolae_ru_great_annihilating_truth, serial_glass, glass_columns_a,
          glass_columns_b, glass_columns_b
D:7:      layout_basic, bloody_trog, corexii_leaking_fountain, uniq_harold
Temple:   eino_temple_scatter_basement

Skill      XL: |  1  2  3  4  5  6  7  8 |
---------------+-------------------------+-----
Spellcasting   | 5 6 7 9 10 | 10.3
Dodging        | 3 4 |  4.7
Poison Magic   | 1 |  1.7
Fire Magic     | 1 |  1.9
Stealth        | 3 4 |  4.7
Conjurations   | 2 3 4 5 7 |  7.7
Air Magic      | 1 2 |  2.2
Summonings     | |  1.1
Translocations | |  1.2

Action                   |  1- 3 |  4- 6 |  7- 9 || total
-------------------------+-------+-------+-------++-------
 Cast: Magic Dart        |   111 |   174 |   289 ||   574
       Conjure Flame     |       |     7 |    15 ||    22
       Mephitic Cloud    |       |     2 |     5 ||     7
       Blink             |       |     1 |    10 ||    11
Evoke: Wand              |       |     1 |     1 ||     2
  Use: Scroll            |     3 |       |     1 ||     4
       Potion            |       |       |     1 ||     1
  Eat: Chunk             |     3 |    11 |     4 ||    18
       Ration            |       |       |     3 ||     3
Armor: Robe              |     1 |     3 |     3 ||     7
Dodge: Dodged            |    14 |    60 |    63 ||   137
